Cogmind - Beta 16.1 @@@ ROGUE MODE // 2026.02.19 @ 10:35:22 Player: SunShine214 Result: Destroyed by Y-64 Sentinel with KE Penetrator Performance ------------- Evolutions (4) 2000 Regions Visited (10) 2000 Robots Destroyed (101) 505 Value Destroyed (3084) 3084 Prototype IDs (29) 580 Alien Tech Used (0) 0 Bonus (366) 366 TOTAL SCORE: 8535 Bonus ------- High Alert Combat Kills 24 Follower Combat Kills 42 Aligned with FarCom 300 Cogmind --------- Core Integrity 0/850 Matter 15/300 Energy 98/100 System Corruption 1% Temperature Cool (9) Movement Core (50) Location -6/Archives Parts ------- > --- POWER (1) -------- (None) > --- PROPULSION (6) --- (None) > --- UTILITY (6) ------ Advanced Targeting Computer Advanced Targeting Computer Improved Hacking Suite Improved Hacking Suite > --- WEAPON (2) ------- (None) > --- INVENTORY (5) ---- Micro Nuclear Core Improved Medium Armor Plating Firepult Rocket Array Peak State ------------ > --- POWER ------------ Micro Nuclear Core > --- PROPULSION ------- Improved Titanium Leg Improved Titanium Leg Flexi-carbon Leg Xenon Bombardment Thruster Cooled VTOL Module Nuclear Pulse Thruster > --- UTILITY ---------- Improved Cooling System Small Storage Unit Advanced Targeting Computer Advanced Targeting Computer Improved Medium Armor Plating Improved Hacking Suite > --- WEAPON ----------- Precision Beam Rifle Powered Hammer > --- INVENTORY -------- Micro Nuclear Core Carbon-fiber Leg Improved Core Shielding Splice Drone Bay Firepult Rocket Array [Rating: 63] Favorites ----------- Power Micro Nuclear Core Engine Light Deuterium Engine Power Core Micro Nuclear Core Propulsion Improved Titanium Leg Treads Light Treads Leg Improved Titanium Leg Flight Unit Cooled VTOL Module Utility Small Storage Unit Device Improved Cooling System Storage Small Storage Unit Processor Advanced Targeting Computer Hackware Hacking Suite Protection Improved Medium Armor Plating Weapon Small Laser Energy Gun Small Laser Ballistic Gun Light Assault Rifle Launcher Rocket Array Impact Weapon Powered Hammer Build | -11 -10 -10 -10 -9 -8 -7 -6 -6 -6 -6 ------- Run | Yrd Mat Min Exi Min Mat Fac Fac Ext Cet Arc Slots Evolved 8 | . . . . . 4 2 2 . . . Power . | . . . . . . . . . . . Propulsion 4 | . . . . . 2 . 2 . . . Utility 4 | . . . . . 2 2 . . . . Weapon . | . . . . . . . . . . . Parts Attached 66 | 7 5 3 1 . 21 17 8 3 1 . Power 9 | 1 1 1 . . 2 3 . 1 . . Engine 5 | 1 1 1 . . . 2 . . . . Core 4 | . . . . . 2 1 . 1 . . Reactor . | . . . . . . . . . . . Propulsion 22 | 2 1 1 . . 6 5 6 1 . . Treads 8 | 2 1 1 . . 4 . . . . . Leg 10 | . . . . . 2 4 4 . . . Wheel . | . . . . . . . . . . . Hover . | . . . . . . . . . . . Flight 4 | . . . . . . 1 2 1 . . Utility 20 | 2 1 1 1 . 4 8 1 1 1 . Device 9 | 1 1 1 . . 2 4 . . . . Storage 2 | 1 . . 1 . . . . . . . Processor 2 | . . . . . . 2 . . . . Hackware 4 | . . . . . 2 . 1 . 1 . Protection 3 | . . . . . . 2 . 1 . . Artifact . | . . . . . . . . . . . Weapon 15 | 2 2 . . . 9 1 1 . . . Energy Gun 7 | 2 1 . . . 4 . . . . . Energy Cannon . | . . . . . . . . . . . Ballistic Gun 4 | . 1 . . . 3 . . . . . Ballistic Cannon . | . . . . . . . . . . . Launcher 2 | . . . . . 1 1 . . . . Special Weapon . | . . . . . . . . . . . Impact Weapon 2 | . . . . . 1 . 1 . . . Slashing Weapon . | . . . . . . . . . . . Piercing Weapon . | . . . . . . . . . . . Special Melee Weapon . | . . . . . . . . . . . Unidentified Prototypes 6 | . . . . . 4 2 . . . . Parts Lost 27 | . 6 . . . 7 4 1 2 3 4 Power 4 | . 2 . . . . 1 . 1 . . Propulsion 11 | . 1 . . . 3 2 1 1 1 2 Utility 8 | . 1 . . . 2 1 . . 2 2 Weapon 4 | . 2 . . . 2 . . . . . Highest Loss Streak 5 | . 2 . . . 5 2 1 2 2 5 To Critical Strikes . | . . . . . . . . . . . Average Backups 6 | . 4 7 7 7 6 6 6 6 6 4 Power . | . . . . . . . 1 . . 1 Propulsion 1 | . 1 2 2 2 2 2 1 . . . Utility 1 | . 2 3 3 3 1 1 2 2 2 1 Weapon 2 | . 1 1 1 2 3 2 2 2 3 2 Tool/Special . | . . . . . . . . . . . Unused Backups 15 | . . 7 2 1 . 2 2 . . 1 Power 1 | . . . . . . . 1 . . . Propulsion 7 | . . 4 1 . . 1 1 . . . Utility 4 | . . 2 1 1 . . . . . . Weapon 3 | . . 1 . . . 1 . . . 1 Tool/Special . | . . . . . . . . . . . Average Slot Usage (%) 89 | . 91 86 99 100 84 93 90 81 59 38 Engine 3 | . 6 1 14 14 5 1 . . . . Core 2 | . . . . . 3 4 6 4 3 . Treads 16 | . 27 28 28 28 23 4 . . . . Leg 10 | . . . . . 2 25 29 6 . . Device 12 | . 13 14 14 14 7 18 6 6 2 1 Storage 9 | . 14 14 14 14 9 7 6 6 6 2 Processor 2 | . . . . . . . 13 13 13 13 Hackware 5 | . . . . . 16 7 6 6 8 13 Protection 2 | . . . . . . 5 6 6 5 . Energy Gun 10 | . 22 14 13 14 4 7 6 2 . . Ballistic Gun 5 | . 5 14 14 14 8 . . . . . Impact Weapon 3 | . . . . . 2 7 6 6 2 . Peak Build Rating 63 | 9 9 14 16 16 30 53 63 63 52 31 Average Rating 28 | 6 8 9 14 15 27 45 54 51 37 26 On Entrance 25 | . 9 9 14 16 16 29 50 63 47 30 Avg Prop Armor Cover (%) 10 | . . . . . 10 10 4 4 . . Naked Turns . | . . . . . . . . . . . Heaviest Build 46 | 12 12 17 17 17 25 46 25 25 25 8 Greatest Support 113 | 40 40 42 42 42 62 80 113 58 18 12 Greatest Overweight (x) 1 | . . . . . . 1 . . 1 1 Average Overweight (x) . | . . . . . . . . . . . Largest Inventory Capacity 8 | 8 8 8 8 8 8 8 8 8 8 8 Average Capacity 7 | 7 8 8 8 8 8 8 8 8 8 5 Most Carried 8 | 2 8 8 8 8 8 8 8 8 8 7 Average Carried 7 | . 4 7 7 7 7 7 7 7 7 5 Final Capacity 8 | 8 8 8 8 8 8 8 8 8 8 5 Final Carried 8 | 2 8 8 8 8 8 8 8 7 7 5 Class Distribution -------------------- 58% | Mutant 24% | Scavenger-Mutant 16% | Hacker-Mutant Dominant Class ---------------- Mutant | -10/Materials Scavenger-Mutant | -10/Mines Mutant | -10/Exiles Mutant | -9/Mines Hacker-Mutant | -8/Materials Mutant | -7/Factory Mutant | -6/Factory Sprinter | -6/Extension Mutant | -6/Cetus Hacker-Mutant | -6/Archives Resources | -11 -10 -10 -10 -9 -8 -7 -6 -6 -6 -6 ----------- Run | Yrd Mat Min Exi Min Mat Fac Fac Ext Cet Arc Matter Collected 1261 | 268 69 8 . 58 360 448 50 . . . Remotely 296 | . . . . . 38 258 . . . . Salvage Created 3263 | 220 661 125 . 87 815 894 461 . . . Parts 152 | 14 45 9 . 4 49 20 11 . . . Haulers Intercepted 5 | . 1 . . . 3 1 . . . . Recyclers Shooed 1 | . . . . . . . 1 . . . Parts Field Recycled . | . . . . . . . . . . . Retrieved Matter . | . . . . . . . . . . . Parts Self-Destructed . | . . . . . . . . . . . Prevented . | . . . . . . . . . . . Parts Restored . | . . . . . . . . . . . Kills | -11 -10 -10 -10 -9 -8 -7 -6 -6 -6 -6 ------- Run | Yrd Mat Min Exi Min Mat Fac Fac Ext Cet Arc Combat Hostiles Destroyed 66 | . 16 5 . 2 24 10 5 . 4 . Melee 7 | . . . . . 1 5 1 . . . Guns 38 | . 16 5 . 2 11 2 2 . . . AOE 16 | . . . . . 12 . . . 4 . Classes Destroyed 14 | 3 5 1 . . 3 2 . . . . Worker 8 | 1 3 . . 1 1 1 1 . . . Builder 4 | . . 1 . . 1 2 . . . . Tunneler 7 | 5 . 1 . . . 1 . . . . Hauler 5 | . 1 . . . 3 1 . . . . Recycler 4 | 1 . . . . . 2 1 . . . Mechanic 1 | . . . . . . 1 . . . . Operator 2 | . 1 . . . . 1 . . . . Watcher 4 | . 1 . . . . 2 1 . . . Swarmer 17 | . 6 3 . . 8 . . . . . Grunt 30 | . 10 2 . 2 9 4 3 . . . Sentry 7 | . . . . . 4 2 1 . . . Specialist 2 | . . . . . 2 . . . . . Hunter 1 | . . . . . 1 . . . . . Programmer 5 | . . . . . . 4 1 . . . Cetus Guard 4 | . . . . . . . . . 4 . Best Kill Streak 16 | 3 5 3 . 2 16 4 3 . 4 . Combat Bots Only 14 | . 4 3 . 2 14 4 2 . 4 . Max Kills in Single Turn 3 | 2 1 2 . 1 3 2 1 . 2 . Gunslinging 1 | . . 1 . . . . . . . . Exploded 3 | . . . . . 3 . . . 2 . Melee 1 | . . . . . 1 1 1 . . . Uniques/NPCs Destroyed . | . . . . . . . . . . . Combat | -11 -10 -10 -10 -9 -8 -7 -6 -6 -6 -6 -------- Run | Yrd Mat Min Exi Min Mat Fac Fac Ext Cet Arc Hostile Shots Fired 640 | . 84 17 . 22 157 126 61 76 45 52 Missed 246 | . 19 4 . 7 58 44 18 46 27 23 Hits 394 | . 65 13 . 15 99 82 43 30 18 29 Projectile 394 | . 65 13 . 15 99 82 43 30 18 29 Critical Strikes 16 | . . . . . 5 2 4 . 3 2 Actively Blocked 1 | . . . . . . . . . 1 . Damage Taken 5058 | . 686 119 . 124 1115 897 546 484 404 683 Core 1280 | . 89 43 . 37 144 116 66 184 202 399 Absorbed by Shields 392 | . . . . 60 332 . . . . . Redirected to Shielding 103 | . . . . . . . . 69 34 . Regen/Repaired (Parts) 135 | . . . . . 25 110 . . . . Core Remaining (%) 72 | 100 . . . 32 73 83 . . . . Volleys Fired 249 | 21 65 8 . 8 54 66 20 . 7 . Largest 2 | 2 2 2 . 2 2 1 1 . 1 . Hottest 97 | 80 80 60 . 60 97 61 61 . 45 . Shots Fired 356 | 42 117 16 . 15 72 67 20 . 7 . Gun 340 | 42 117 16 . 15 63 67 20 . . . Cannon . | . . . . . . . . . . . Launcher 16 | . . . . . 9 . . . 7 . Special . | . . . . . . . . . . . Kinetic 70 | . 7 8 . 8 47 . . . . . Thermal 210 | 21 81 8 . 7 6 67 20 . . . Explosive 16 | . . . . . 9 . . . 7 . Electromagnetic 60 | 21 29 . . . 10 . . . . . Robot Hit Streak 13 | 5 10 9 . 8 9 11 9 . 13 . Robot Miss Streak 9 | 3 3 2 . 2 9 7 1 . 1 . Penetration Max . | . . . . . . . . . . . Secondary Targets 5 | . 2 2 . 1 . . . . . . Max Gunslinging Chain 1 | . 1 1 . 1 . . . . . . Shots Hit Robots 297 | 23 73 12 . 11 65 74 33 . 6 . Core Hits 245 | 7 35 9 . 5 87 19 12 . 71 . Critical Kills 7 | . . . . . 1 4 2 . . . Critical Parts Destroyed 10 | . . . . . 2 6 2 . . . Critical Strikes 27 | . . . . . 3 17 7 . . . Burn 10 | . . . . . . 7 3 . . . Destroy 1 | . . . . . 1 . . . . . Smash 16 | . . . . . 2 10 4 . . . Melee Attacks 90 | . . . . . 10 48 28 2 2 . Impact 90 | . . . . . 10 48 28 2 2 . Slashing . | . . . . . . . . . . . Piercing . | . . . . . . . . . . . Sneak Attacks 13 | . . . . . 2 8 3 . . . Combat Hostiles . | . . . . . . . . . . . Follow-up Attacks . | . . . . . . . . . . . Damage Inflicted 8284 | 424 962 140 . 120 2067 2375 1069 . 1127 . Guns 3557 | 339 942 113 . 115 928 828 292 . . . Cannons . | . . . . . . . . . . . Explosions 2049 | 78 . . . . 844 . . . 1127 . Melee 2607 | . . . . . 283 1547 777 . . . Ramming 71 | 7 20 27 . 5 12 . . . . . Kinetic 789 | . 26 46 . 50 667 . . . . . Thermal 2204 | 203 651 67 . 65 98 828 292 . . . Explosive 1971 | . . . . . 844 . . . 1127 . Electromagnetic 642 | 214 265 . . . 163 . . . . . Impact 2607 | . . . . . 283 1547 777 . . . Slashing . | . . . . . . . . . . . Piercing . | . . . . . . . . . . . Highest Corruption 4 | . . . . . 1 4 1 1 1 1 Average Corruption 1 | . . . . . 1 2 1 1 1 1 Corruption Purged . | . . . . . . . . . . . Corruption Blocked . | . . . . . . . . . . . Effects 28 | . . . . . 3 23 2 . . . Message Errors 7 | . . . . . 2 4 1 . . . Matter Fused 7 | . . . . . 1 6 . . . . Heat Flow Errors 5 | . . . . . . 4 1 . . . Energy Discharges 5 | . . . . . . 5 . . . . Parts Rejected 2 | . . . . . . 2 . . . . Data Loss (minor) 1 | . . . . . . 1 . . . . Misfires 1 | . . . . . . 1 . . . . Overload Shots . | . . . . . . . . . . . Overflow Damage 876 | 11 . . . . 129 556 180 . . . Projectiles 8 | . . . . . . 8 . . . . Explosions 44 | 11 . . . . 33 . . . . . Melee 824 | . . . . . 96 548 180 . . . Knockbacks 8 | . 1 . . . . 6 1 . . . Impact 7 | . 1 . . . . 5 1 . . . Kinetic . | . . . . . . . . . . . Secondary 1 | . . . . . . 1 . . . . Self-Inflicted Damage 129 | . . . . . 129 . . . . . Shots 3 | . . . . . 3 . . . . . Rammed 21 | 1 7 10 . . 3 . . . . . Targets Rammed 25 | 1 7 12 . 1 4 . . . . . Kicked . | . . . . . . . . . . . Crushed 4 | . . 2 . 1 1 . . . . . Highest Temperature 246 | 176 246 . . 75 129 188 161 . . 2 Average Temperature 54 | 64 70 . . 35 28 51 54 . . 2 Received Heat Transfer 1398 | . 279 30 . 62 259 210 267 120 36 135 Effects 2 | . 2 . . . . . . . . . Interference 2 | . 2 . . . . . . . . . Siege Activations . | . . . . . . . . . . . Martial Activations . | . . . . . . . . . . . Shielding Activations . | . . . . . . . . . . . Robots Disrupted . | . . . . . . . . . . . Combat Hostiles . | . . . . . . . . . . . Robots Corrupted 10 | . . . . . . 8 2 . . . Combat Hostiles 4 | . . . . . . 2 2 . . . Parts Fried 14 | 1 1 . . . 1 9 2 . . . Impact Corruptions 33 | . . . . . 2 24 7 . . . Robots Melted 1 | . . . . . . 1 . . . . Combat Hostiles 1 | . . . . . . 1 . . . . Parts Melted 13 | . 2 . . . . 7 4 . . . Heat Transferred 5443 | 375 1475 150 . 150 185 2257 851 . . . Parts Sabotaged . | . . . . . . . . . . . Parts Stolen . | . . . . . . . . . . . Parts Stripped . | . . . . . . . . . . . Power Chain Reactions 2 | 2 . . . . . . . . . . Alert | -11 -10 -10 -10 -9 -8 -7 -6 -6 -6 -6 ------- Run | Yrd Mat Min Exi Min Mat Fac Fac Ext Cet Arc Maximum Alert Level 2 | . . . . . 2 1 . . . . Low Security (%) 97 | 100 100 100 . 100 85 98 100 100 100 100 Level 1 . | . . . . . 1 1 . . . . Level 2 2 | . . . . . 12 . . . . . Level 3 . | . . . . . . . . . . . Level 4 . | . . . . . . . . . . . Level 5 . | . . . . . . . . . . . High Security . | . . . . . . . . . . . Max Security . | . . . . . . . . . . . Peak Influence 469 | 10 94 129 . 30 469 203 89 95 126 42 Initial 203 | . 3 4 . . . 203 15 2 47 42 Average 50 | 1 37 41 . 6 94 58 30 24 85 17 Influence Increases 2615 | 35 472 334 . 60 761 394 260 150 149 . Destroy 0b10 Robot/C 1440 | . 320 220 . 40 480 200 100 . 80 . Destroy 0b10 Robot/NC 175 | 35 30 10 . 5 25 55 15 . . . Destroy Leader 328 | . 74 40 . . 106 76 32 . . . Allied During Kill 13 | . . 13 . . . . . . . . Successful Hack 113 | . 18 6 . . 18 35 30 . 6 . Disable Machine 90 | . 30 . . . . . 15 30 15 . Destroy Structure 96 | . . . . . 42 13 8 . 33 . Partial Spotted 15 | . . . . . . . . . 15 . Lose Combat Pursuer 345 | . . 45 . 15 90 15 60 120 . . Influence Decreases 2615 | 30 466 345 . 60 312 811 286 71 128 106 Entered New Map 378 | . 2 7 . . . 246 17 4 38 64 Time Decay 1915 | 30 404 278 . 60 242 525 259 47 60 10 Lost Part 262 | . 60 . . . 70 40 10 20 30 32 Lost Ally 60 | . . 60 . . . . . . . . Squads Dispatched 22 | . 3 1 . . 6 8 2 . 2 . Investigation 9 | . 2 1 . . 2 1 1 . 2 . Extermination 5 | . . . . . . 4 1 . . . Reinforcement 3 | . 1 . . . 2 . . . . . Assault 2 | . . . . . 2 . . . . . Garrison 3 | . . . . . . 3 . . . . Intercept . | . . . . . . . . . . . Searches Triggered . | . . . . . . . . . . . Construction Impeded . | . . . . . . . . . . . Haulers Reinforced . | . . . . . . . . . . . Active Scanning Responses . | . . . . . . . . . . . Cargo Convoy Interrupts . | . . . . . . . . . . . Stealth | -11 -10 -10 -10 -9 -8 -7 -6 -6 -6 -6 --------- Run | Yrd Mat Min Exi Min Mat Fac Fac Ext Cet Arc Distress Signals 11 | . 3 1 . . 1 1 2 1 2 . Communications Jammed . | . . . . . . . . . . . Distress Signals . | . . . . . . . . . . . Times Spotted 140 | . 25 12 . 3 34 24 10 16 11 5 Peak Tracking Total 15 | . 4 6 . 3 15 4 4 13 9 4 Tactical Retreats 14 | . . 2 . 1 4 1 3 3 . . Traps | -11 -10 -10 -10 -9 -8 -7 -6 -6 -6 -6 ------- Run | Yrd Mat Min Exi Min Mat Fac Fac Ext Cet Arc Traps Triggered 1 | . 1 . . . . . . . . . Indirectly . | . . . . . . . . . . . Trap Hack Attempts . | . . . . . . . . . . . Triggered . | . . . . . . . . . . . Disarmed . | . . . . . . . . . . . Reprogrammed . | . . . . . . . . . . . Reused . | . . . . . . . . . . . Traps Extracted . | . . . . . . . . . . . Installed . | . . . . . . . . . . . Triggered . | . . . . . . . . . . . Machines | -11 -10 -10 -10 -9 -8 -7 -6 -6 -6 -6 ---------- Run | Yrd Mat Min Exi Min Mat Fac Fac Ext Cet Arc Machines Disabled 6 | . 2 . . . . . 1 2 1 . Max in Single Turn 1 | . 1 . . . . . 1 1 1 . Machines Repaired . | . . . . . . . . . . . Machines Dismantled . | . . . . . . . . . . . Machines Sabotaged . | . . . . . . . . . . . Overloaded Fab Kills . | . . . . . . . . . . . Hacking | -11 -10 -10 -10 -9 -8 -7 -6 -6 -6 -6 --------- Run | Yrd Mat Min Exi Min Mat Fac Fac Ext Cet Arc Machines Accessed 35 | . 4 2 2 1 5 9 9 . 3 . Terminals 24 | . 4 1 . . 4 6 6 . 3 . Fabricators 2 | . . . . . . 1 1 . . . Repair Stations 2 | . . . . . 1 1 . . . . Recycling Units 1 | . . . . . . . 1 . . . Scanalyzers 2 | . . . . . . 1 1 . . . Garrison Access . | . . . . . . . . . . . Total Hacks 76 | . 9 3 6 1 16 21 13 . 7 . Successful 35 | . 4 2 6 1 5 6 6 . 5 . Failed 39 | . 5 1 . . 11 14 6 . 2 . Catastrophic 11 | . 3 1 . . 3 1 3 . . . Database Lockouts 2 | . . . . . . 1 1 . . . Manual 29 | . 2 2 1 . 13 9 2 . . . Terminals 54 | . 9 2 . . 14 13 9 . 7 . Fabricators 3 | . . . . . . 2 1 . . . Repair Stations 6 | . . . . . 2 4 . . . . Recycling Units 1 | . . . . . . . 1 . . . Scanalyzers 4 | . . . . . . 2 2 . . . Garrison Access . | . . . . . . . . . . . Terminal Hacks 26 | . 4 2 6 1 3 2 3 . 5 . Record 9 | . . . 5 . . . . . 4 . Open Door 4 | . . 1 . 1 . . 1 . 1 . Open DSF 1 | . . . . . . . 1 . . . Branch Access Points 4 | . . . . . 2 1 1 . . . Hauler Manifests 2 | . 2 . . . . . . . . . Registered Components 3 | . 1 . . . 1 1 . . . . Zone Layout 2 | . 1 1 . . . . . . . . Proto ID Catalog 1 | . . . 1 . . . . . . . Fabricator Hacks 2 | . . . . . . 1 1 . . . Network Status 1 | . . . . . . 1 . . . . Build 1 | . . . . . . . 1 . . . Repair Station Hacks 4 | . . . . . 2 2 . . . . Scan Component 2 | . . . . . 1 1 . . . . Repair 2 | . . . . . 1 1 . . . . Recycling Unit Hacks 1 | . . . . . . . 1 . . . Retrieve Components 1 | . . . . . . . 1 . . . Scanalyzer 2 | . . . . . . 1 1 . . . Retrieve Study 2 | . . . . . . 1 1 . . . Garrison Access Hacks . | . . . . . . . . . . . Unauthorized Hacks . | . . . . . . . . . . . Terminals . | . . . . . . . . . . . Fabricators . | . . . . . . . . . . . Repair Stations . | . . . . . . . . . . . Recycling Units . | . . . . . . . . . . . Scanalyzers . | . . . . . . . . . . . Garrison Access . | . . . . . . . . . . . Data Cores Recovered 1 | . . . . . . 1 . . . . Used . | . . . . . . . . . . . Hacking Detections 24 | . 4 1 . . 4 8 5 . 2 . Full Trace Events 9 | . 2 1 . . 2 1 1 . 2 . Feedback Events 1 | . . . . . 1 . . . . . Corruption 1 | . . . . . 1 . . . . . Feedback Blocked . | . . . . . . . . . . . Robot Schematics Acquired . | . . . . . . . . . . . Robots Built . | . . . . . . . . . . . Authchips . | . . . . . . . . . . . Time . | . . . . . . . . . . . Total Robot Build Rating . | . . . . . . . . . . . Part Schematics Acquired . | . . . . . . . . . . . Parts Built 2 | . . . . . . . 2 . . . Authchips . | . . . . . . . . . . . Time 47 | . . . . . . . 47 . . . Total Part Build Rating 10 | . . . . . . . 10 . . . Part Studies Acquired 2 | . . . . . . 1 1 . . . Parts Repaired 2 | . . . . . 1 1 . . . . Time 60 | . . . . . 38 22 . . . . Parts Recycled . | . . . . . . . . . . . Recycled Matter . | . . . . . . . . . . . Retrieved Matter . | . . . . . . . . . . . Retrieved Components 1 | . . . . . . . 1 . . . Parts Scanalyzed . | . . . . . . . . . . . Part Schematics Acquired . | . . . . . . . . . . . Parts Damaged . | . . . . . . . . . . . Bothacking | -11 -10 -10 -10 -9 -8 -7 -6 -6 -6 -6 ------------ Run | Yrd Mat Min Exi Min Mat Fac Fac Ext Cet Arc Used RIF Installer . | . . . . . . . . . . . Robots Hacked . | . . . . . . . . . . . Non-combat . | . . . . . . . . . . . Combat . | . . . . . . . . . . . Robot Hacks Applied . | . . . . . . . . . . . Relay Couplers Released . | . . . . . . . . . . . Fabnet Peak Effective % . | . . . . . . . . . . . Robots Rewired . | . . . . . . . . . . . Allies Hacked . | . . . . . . . . . . . Hacks Repelled . | . . . . . . . . . . . Allies | -11 -10 -10 -10 -9 -8 -7 -6 -6 -6 -6 -------- Run | Yrd Mat Min Exi Min Mat Fac Fac Ext Cet Arc Total Allies 3 | . . 3 . . . . . . . . Largest Group 3 | . . 3 . . . . . . . . Highest-Rated Group 40 | . . 40 . . . . . . . . Highest-Rated Ally 16 | . . 16 . . . . . . . . Total Orders . | . . . . . . . . . . . Ally Attacks 24 | . . 18 . . . . . . . 6 Total Damage 166 | . . 128 . . . . . . . 38 Kills 6 | . . 6 . . . . . . . . Allies Corrupted . | . . . . . . . . . . . Allies Melted . | . . . . . . . . . . . Intel | -11 -10 -10 -10 -9 -8 -7 -6 -6 -6 -6 ------- Run | Yrd Mat Min Exi Min Mat Fac Fac Ext Cet Arc Active Infowar (turns) 198 | 105 93 . . . . . . . . . Terrain 198 | 105 93 . . . . . . . . . Robot Analysis Total . | . . . . . . . . . . . Derelict Logs Recovered 3 | . . 2 . 1 . . . . . . Drone Launches 7 | . . . . . . . . . . 7 Drone Recoveries 5 | . . . . . . . . . . 5 Exploration | -11 -10 -10 -10 -9 -8 -7 -6 -6 -6 -6 ------------- Run | Yrd Mat Min Exi Min Mat Fac Fac Ext Cet Arc Turns Passed 7050 | 218 1114 961 362 265 1212 1701 934 120 125 38 Spaces Moved 4197 | 89 552 550 234 155 512 936 561 282 256 70 Core 15 | 2 . . . . . . . . . 13 Treads 2162 | 87 552 550 234 155 476 108 . . . . Legs 1447 | . . . . . 36 828 561 22 . . Wheels . | . . . . . . . . . . . Hover . | . . . . . . . . . . . Flight 573 | . . . . . . . . 260 256 57 Fastest Speed 29 | 50 160 152 152 152 120 130 123 29 32 34 Average Speed 131 | 157 160 159 152 152 151 137 127 37 36 42 Slowest Speed 240 | 160 160 160 152 152 160 240 130 123 107 100 Overloaded Moves . | . . . . . . . . . . . Propulsion Burnouts . | . . . . . . . . . . . Robots Hopped 4 | . . . . . . . . . 1 3 Potential Cave-ins . | . . . . . . . . . . . Cave-ins Triggered . | . . . . . . . . . . . Exploration Rate (%) 51 | 7 68 91 59 51 42 26 15 45 85 75 Regions Visited 10 Branch Regions 6 Pre-discovered Areas 2 | . . 1 1 . . . . . . . Known Exits Taken 3 | . . . . 1 1 . 1 . . . Unknown Exits Taken 7 | 1 1 1 1 . . 1 . 1 1 . Scrap Searched 2 | . . 2 . . . . . . . . Spaces Dug 23 | . . . . . 2 12 8 . 1 . Terrain Destroyed 261 | . . . . . 85 12 8 . 156 . Melee 23 | . . . . . 2 12 8 . 1 . Projectile . | . . . . . . . . . . . AOE 238 | . . . . . 83 . . . 155 . Terrain Rammed . | . . . . . . . . . . . Walls Destroyed . | . . . . . . . . . . . Machines Disabled . | . . . . . . . . . . . Actions | -11 -10 -10 -10 -9 -8 -7 -6 -6 -6 -6 --------- Run | Yrd Mat Min Exi Min Mat Fac Fac Ext Cet Arc Total 5214 | 121 661 623 242 171 851 1193 712 294 271 75 Wait 498 | 2 24 34 . 6 236 106 83 . . 7 Move 4179 | 88 551 549 233 154 511 935 560 281 253 64 Hop 4 | . . . . . . . . . 1 3 Pick Up 31 | 2 7 8 2 1 3 4 3 1 . . Fast Attach 39 | 7 4 1 1 . 8 12 4 1 . 1 Attach 13 | . 2 . . . 4 . 2 2 3 . Detach 8 | . . . . . 1 . 1 2 4 . Swap 33 | . 1 2 1 . 14 11 4 . . . Drop 45 | . . 9 5 1 6 11 7 5 1 . Fire 249 | 21 65 8 . 8 54 66 20 . 7 . Melee 90 | . . . . . 10 48 28 2 2 . Ram . | . . . . . . . . . . . Kick . | . . . . . . . . . . . Crush 25 | 1 7 12 . 1 4 . . . . . Escape Stasis . | . . . . . . . . . . . Rewire . | . . . . . . . . . . . Trap . | . . . . . . . . . . . Miscellaneous . | . . . . . . . . . . . Route ------- -11/Scrapyard -10/Materials (discovered 4 exits: [*Mat x3] / *Min) -10/Mines (discovered 4 exits: [*Mat x2] / *Exi / [*Sub]) -10/Exiles -9/Mines (discovered 2 exits: *Mat x2) -8/Materials (discovered 2 exits: *Fac x2) -7/Factory (discovered 4 exits: *Fac x2 / Low x2) -6/Factory (discovered 4 exits: Low x2 / *Ext x2) -6/Extension (discovered 2 exits: [*Fac] / *Cet) -6/Cetus (discovered 2 exits: [*Fac] / *Arc) -6/Archives (discovered 2 exits: [*Hub x2]) History --------- Turn | Location | Event 9 | -11/Scrapyard | Discovered new exit (range 16) 219 | -11/Scrapyard | Entered Materials 232 | -10/Materials | Discovered new exit (range 16) 315 | -10/Materials | Build established: Mutant 669 | -10/Materials | Discovered new exit (range 17) 838 | -10/Materials | Discovered new exit (range 8) 977 | -10/Materials | Discovered new exit (range 7) 1236 | -10/Materials | Build established: Scavenger-Mutant 1333 | -10/Materials | Entered Mines 1479 | -10/Mines | Discovered new exit (range 7) 1669 | -10/Mines | Learned 4 Materials zone layouts 1701 | -10/Mines | Assisted by bots powering up and referring to "LRC-V3" 1818 | -10/Mines | Learned location of Zion (-6) 1887 | -10/Mines | Core integrity fell below 50% 1945 | -10/Mines | Discovered new exit (range 8) 2200 | -10/Mines | Met a Derelict who couldn't figure out how to use a Trap Extractor 2239 | -10/Mines | Discovered new exit (range 6) 2286 | -10/Mines | Deemed a non-threat by the Exiles lab entrance 2288 | -10/Mines | Discovered new exit (range 5) 2294 | -10/Mines | Entered Exiles 2331 | -10/Exiles | Met 8R-AWN 2357 | -10/Exiles | Met EX-HEX 2402 | -10/Exiles | Met EX-BIN 2419 | -10/Exiles | Aligned with FarCom system 2421 | -10/Exiles | Given EX-Vault access code 2459 | -10/Exiles | Opened EX-Vault 2474 | -10/Exiles | Found Firepult 2505 | -10/Exiles | Warned to stay clear of 0b10 Research branches 2515 | -10/Exiles | Build established: Mutant 2552 | -10/Exiles | Met EX-DEC 2633 | -10/Exiles | Discovered new exit (range 15) 2656 | -10/Exiles | Left Exiles lab with Firepult 2656 | -10/Exiles | Entered Mines 2878 | -9/Mines | Identified exit to Materials 2884 | -9/Mines | Found the Drone Emporium 2890 | -9/Mines | Found Prototype Device 2912 | -9/Mines | Discovered exit to Materials (range 8) 2921 | -9/Mines | Entered Materials 2921 | -8/Materials | Evolved 4 slots: Propulsion x2, Utility x2 2921 | -8/Materials | Identified Splice Drone Bay 2922 | -8/Materials | Identified exit to Factory 3212 | -8/Materials | Build established: Hacker-Mutant 3219 | -8/Materials | Repaired Hardlight Generator 4020 | -8/Materials | Lost 5 parts (2n2u1w) 4023 | -8/Materials | Destroyed 14 combat bots 4088 | -8/Materials | Discovered exit to Factory (range 13) 4121 | -8/Materials | First assault squad dispatched 4133 | -8/Materials | Entered Factory 4133 | -7/Factory | Evolved 2 slots: Utility x2 4612 | -7/Factory | Garrison activated, responded to threat 4725 | -7/Factory | Build established: Mutant 5223 | -7/Factory | Central database locked down 5251 | -7/Factory | Found Prototype Launcher 5251 | -7/Factory | Identified Rocket Array 5269 | -7/Factory | Discovered new exit (range 13) 5541 | -7/Factory | Identified exit to Lower Caves 5784 | -7/Factory | Repaired Imp. Titanium Leg 5813 | -7/Factory | Discovered new exit (range 15) 5834 | -7/Factory | Entered another Factory area 5834 | -6/Factory | Evolved 2 slots: Propulsion x2 5884 | -6/Factory | Identified exit to DSF 6182 | -6/Factory | Identified exit to Lower Caves 6182 | -6/Factory | Identified exit to Extension 6568 | -6/Factory | Fabricated Imp. Core Shielding (x2) 6741 | -6/Factory | Central database locked down 6768 | -6/Factory | Entered Extension 6779 | -6/Extension | Disrupted transfer network 6842 | -6/Extension | Spotted B-75 Beast 6844 | -6/Extension | Spotted B-75 Beast 6874 | -6/Extension | Discovered new exit (range 16) 6875 | -6/Extension | Discovered new exit (range 15) 6888 | -6/Extension | Entered Cetus 6892 | -6/Cetus | Spotted Cetus Guard 6893 | -6/Cetus | Spotted Cetus Guard 6894 | -6/Cetus | Spotted Cetus Guard 6901 | -6/Cetus | Discovered new exit (range 15) 6920 | -6/Cetus | Spotted Cetus Guard 6934 | -6/Cetus | Destroyed Cetus Guard 6934 | -6/Cetus | Destroyed Cetus Guard 6937 | -6/Cetus | Destroyed Cetus Guard 6937 | -6/Cetus | Destroyed Cetus Guard 6999 | -6/Cetus | Discovered new exit (range 16) 7006 | -6/Cetus | Spotted Cetus Guard 7006 | -6/Cetus | Spotted Cetus Guard 7010 | -6/Cetus | Core integrity fell below 50% 7013 | -6/Cetus | Entered Archives 7022 | -6/Archives | Unable to access archive contents 7032 | -6/Archives | Discovered new exit (range 18) 7033 | -6/Archives | Core integrity fell below 20% 7049 | -6/Archives | Discovered new exit (range 15) 7051 | -6/Archives | Destroyed by Y-64 Sentinel with KE Penetrator Last Messages --------------- 07037_ Splice Drone retrieved by Splice Drone Bay (repair cost: 4). 07037_ Splice Drone retrieved by Splice Drone Bay (repair cost: 2). 07037_ Slug penetrates Y-64 Sentinel. 07037_ Y-64 Sentinel destroyed. 07037_ Penetrated by Slug. 07037_ Splice Drone Bay destroyed. 07037_ >> Lost connection to Splice Drone. 07038_ Slug penetrates Splice Drone. 07040_ Slug penetrates O-32 Director. 07040_ O-32 Director destroyed. 07042_ Slug penetrates Archive Terminal. 07042_ Archive Terminal disabled. 07044_ Slug penetrates Splice Drone. 07045_ Cld. VTOL Module destroyed. 07045_ Slug penetrates Wall. 07047_ Slug penetrates O-32 Director. 07049_ EXIT=FOUND 07050_ Slug penetrates Splice Drone. Map ----- +----------------------------------------------------+ | ??????????????????????????????????????????? | | ??????????????????????????????????????????? | | ??????????????????????????????????????????? | | ??????????????????????????????????????????? | | ??????????????????????????????????????????? | | ??????????????????????????????????????????? | | ??????????????????????????????????????????? | | ??????????????????????????????????????????? | | ??????????????????????????????????????????? | | ??????????????????????????????????????????? | | ???????????????????? ?? ?????????????????? | | ??????????????????" ?# ?????????????????? | | ???????????????#"#"### ?????????????????? | | ??????????????""" """# #????????????????? | | ?????????????#""" ""# #????????????????? | | ?????????????#"" """#o #????????????????? | | ????????????##" ""# ##???????????????? | | ############# o ####????????????? | | Y """"????????????? | | o ""????????????? | | Y """????????????? | | ###+#####"##; V"#???????????? | | #"" ! """"???????????? | | #""" !%/ """"????????????? | | """""" = o """?????????????? | | """"""""#"V / @#########/###???? | | """""""""" #?? | | """"""""#" ! n < #?? | | """"""""#" =% #?? | | ??###########[ Y##############??? | | ????????????## # ""##???????????????? | | ?????????????# #" """#????????????????? | | ?????????????# #""" ""#????????????????? | | ?????????????# #"""""""#????????????????? | | ?????????????# ###"#"###????????????????? | | ?????????????# #? """"??????????????????? | | ?????????????# #? """""?????????????????? | | ?????????????# # """""?????????????????? | | ?????????????# # """"#????????????????? | | ?????????????# + """"#????????????????? | | ?????????????# # """"#????????????????? | | ?????????????# # """"?????????????????? | | ?????????????# < #? """"?????????????????? | | ?????????????# #? """"?????????????????? | | ?????????????#####??#####?????????????????? | | ??????????????????????????????????????????? | | ??????????????????????????????????????????? | | | | | | | +----------------------------------------------------+ Best States ------------- Heat Dissipation 67 Coolant Potential 65 Energy Generation 16 Energy Capacity 290 Matter Stores 300 Matter Capacity 300 Sight Range 16 Terrain Scan Range 16 Terrain Scan Density 10 Armor Coverage 450 Resistance: KI 30 Core Shielding 30 Evasion (%) 64 Targeting Accuracy 16 Recoil Reduction 3 Offensive Hacking 24 Item Schematics ----------------- None Robot Schematics ------------------ None Fabricated ------------ Imp. Core Shielding | x2 | -6/Factory | Preloaded Repaired ---------- Hardlight Generator | 16% | -8/Materials Imp. Titanium Leg | 33% | -7/Factory Studied --------- Powered Hammer | -7/Factory | Hacked Xenon Bombardment Thruster | -6/Factory | Hacked Alien Tech Used ----------------- None Achievements -------------- None Challenges ------------ None Game ------ Seed LegRingProjector Manual? 0 Play Time 00:52:17 Cumulative 81.8 hours Start 2026.02.19 @ 09:41:50 End 2026.02.19 @ 10:35:22 Sessions 1 Manual Loads 0 Difficulty Rogue Special Mode None Game No. 135 Rogue 135 Adventurer 0 Explorer 0 Win Type - Total 0 Types 0/0/0/0/0/0/0/0/0/0 Lore% 37 Gallery% 46 Achievement% 31 Wizard Run 0 Options --------- Layout 1 ASCII 0 Keyboard 1 Movement Arrows Keybinds 0 Fullscreen 1 Font 24/Smallcaps Map View 50x35 Zoom Use 0% Tactical HUD 1 Map Filters NONE Filters NONE Steam 1 RUN: a4f600d3-90dd-4451-9343-318498dc2151